Map: Romanticide EC

Players

Denver - Winner!

  • Race: Zerg Zerg
  • League: Grandmaster
  • Spawn Location: 5:00

Twine

  • Race: Terran Terran
  • League: Master
  • Spawn Location: 11:00

VOD

Have the link to the VOD?

Description

Time

  • Played on: Nov. 21, 2020, 11:55 a.m.
  • Length: 14:40
Show
View Real Time Build Order
Export as new Build Order

Denver Zerg - Winner!

Build Orders: Hatch First 

Get SALT Encoding   

  12  0:00  Drone  
  13  0:14  Overlord  
  13  0:18  Drone  
  14  0:32  Drone x2  
  16  0:48  Hatchery  
  15  0:51  Drone  
  15  0:56  Drone  
  17  1:00  Drone  
  18  1:10  Extractor  
  17  1:14  Spawning Pool  
  17  1:17  Drone  
  17  1:22  Drone  
  18  1:29  Drone  
  19  1:40  Drone  
  20  1:51  Overlord  
  20  2:01  Queen x2  
  20  2:02  Zergling x4  
  26  2:11  Metabolic Boost  
  26  2:13  Drone x2  
  28  2:23  Drone x2  
  30  2:36  Hatchery  
  29  2:41  Drone  
  29  2:44  Overlord  
  30  2:46  Drone  
  30  2:51  Drone  
  32  2:55  Queen  
  34  3:01  Drone x2  
  36  3:10  Drone x4  
  40  3:14  Drone  
  40  3:17  Queen  
  43  3:22  Overlord  
  43  3:26  Drone  
  44  3:29  Overlord  
  44  3:36  Pneumatized Carapace  
  44  3:42  Drone  
  44  3:44  Drone x3  
  44  3:45  Drone  
  44  3:48  Drone x2  
  51  3:50  Queen  
  51  3:53  Zergling x2  
  54  3:58  Drone  
  55  4:02  Spore Crawler  
  55  4:04  Drone  
  55  4:05  Drone x4  
  55  4:09  Overlord  
  60  4:15  Zergling x4  
  62  4:18  Lair  
  62  4:19  Drone  
  62  4:22  Queen  
  65  4:24  Overlord  
  65  4:29  Drone x4  
  68  4:34  Queen  
  70  4:39  Overlord  
  70  4:40  Spore Crawler  
  70  4:42  Overlord  
  70  4:45  Drone x4  
  73  4:47  Spore Crawler  
  73  4:49  Spore Crawler  
  71  4:55  Zergling x12  
  71  4:59  Extractor  
  76  5:00  Extractor, Queen  
  77  5:07  Spine Crawler  
  77  5:10  Drone x3  
  77  5:11  Drone x2  
  77  5:12  Spore Crawler  
  77  5:13  Extractor  
  79  5:14  Queen  
  79  5:17  Drone x2  
  83  5:22  Drone  
  83  5:25  Extractor  
  83  5:26  Extractor  
  83  5:28  Drone x4  
  86  5:42  Hatchery  
  85  5:48  Drone  
  85  5:49  Drone x8  
  86  5:58  Zergling x10  
  91  6:12  Drone x3  
  91  6:14  Evolution Chamber x2  
  91  6:15  Roach Warren  
  91  6:17  Overseer  
  91  6:21  Overlord  
  92  6:27  Zergling x10  
  92  6:28  Hatchery  
  92  6:31  Overlord  
  92  6:32  Overlord x2  
  96  6:36  Overlord  
  96  6:38  Queen  
  98  6:41  Zerg Ground Armor Level 1, Zerg Melee Weapons Level 1  
  98  6:44  Drone x2  
  100  6:47  Drone x5  
  100  6:50  Overlord  
  100  6:53  Overlord  
  105  7:00  Drone  
  105  7:01  Drone x2, Glial Reconstitution  
  108  7:04  Spire  
  107  7:10  Zergling x10  
  112  7:23  Overlord  
  112  7:27  Roach x8  
  128  7:32  Baneling Nest  
  127  7:38  Drone  
  127  7:39  Drone x4  
  127  7:41  Spore Crawler, Overseer  
  127  7:43  Drone x6  
  137  7:53  Overlord  
  137  7:56  Infestation Pit  
  136  7:59  Roach  
  136  8:00  Roach x5  
  148  8:06  Overlord  
  148  8:07  Overlord x2  
  148  8:18  Ravager x8  
  156  8:22  Zergling x24  
  156  8:24  Overlord x3  
  156  8:25  Centrifical Hooks  
  168  8:34  Overlord  
  168  8:35  Hive  
  168  8:37  Extractor x2  
  168  8:40  Drone x3  
  170  8:41  Drone x3  
  170  8:43  Hatchery  
  170  8:47  Zerg Melee Weapons Level 2, Zerg Missile Weapons Level 1  
  171  8:50  Drone x5  
  171  8:51  Drone  
  171  8:54  Baneling x2  
  171  8:55  Baneling x2  
  177  9:00  Zergling x14  
  181  9:14  Baneling x14  
  183  9:17  Ravager x6  
  183  9:19  Zergling x22  
  183  9:20  Zergling x2  
  183  9:23  Baneling  
  183  9:24  Baneling x3  
  181  9:35  Zergling x28  
  175  9:40  Corruptor x2  
  173  9:46  Corruptor x2  
  173  9:51  Corruptor x2  
  175  9:57  Adrenal Glands  
  175  10:05  Corruptor x3  
  175  10:06  Corruptor  
  183  10:09  Baneling x6  
  183  10:10  Baneling  
  178  10:16  Zergling x2  
  178  10:17  Zergling x16  
  182  10:24  Zergling x16  
  188  10:34  Zergling x12  
  188  10:35  Zergling x10  
  187  10:42  Zerg Missile Weapons Level 2  
  187  10:48  Evolution Chamber, Zergling x12  
  187  10:49  Zergling x16  
  200  10:56  Zerg Flyer Weapons Level 1  
  199  11:00  Spire  
  188  11:05  Roach  
  188  11:06  Zergling x12, Roach x2  
  188  11:08  Zerg Melee Weapons Level 3  
  196  11:25  Baneling x13  
  195  11:26  Baneling x6  
  195  11:31  Roach x4  
  193  11:33  Ravager x3  
  190  11:41  Zerg Ground Armor Level 2  
  190  11:45  Extractor  
  190  11:46  Extractor  
  188  11:52  Zergling x2  
  188  11:53  Zergling x22  
  200  11:55  Hatchery  
  199  12:02  Hatchery  
  199  12:07  Zergling x14  
  199  12:08  Zergling x8  
  184  12:15  Zergling x24  
  159  12:16  Roach x2  
  159  12:20  Baneling x5  
  159  12:21  Roach x6  
  159  12:22  Roach  
  167  12:30  Baneling x6  
  167  12:31  Baneling x4  
  167  12:33  Roach x5  
  175  12:39  Greater Spire  
  175  12:43  Drone x9  
  183  12:47  Ravager x7  
  183  12:48  Ravager x2  
  192  12:52  Spore Crawler  
  191  13:01  Zergling x22  
  192  13:08  Zergling x16  
  189  13:17  Zergling x18  
  186  13:28  Zergling x12  
  186  13:29  Zergling x12  
  186  13:31  Baneling x4  
  192  13:38  Zergling x16  
  192  13:46  Baneling x5  
  179  13:50  Roach  
  179  13:51  Roach x6  
  183  13:57  Baneling x15  
  183  13:58  Baneling x2  
  183  14:02  Ravager x2  
  180  14:05  Zergling x2  
  180  14:06  Zergling x14  
  179  14:15  Zergling x12  
  179  14:16  Roach  
  154  14:19  Zergling x10  
  154  14:20  Zergling x2  
Show
View Real Time Build Order
Export as new Build Order

Twine Terran 

Build Orders: Command Center First (CC), Mech 

Get SALT Encoding   

  12  0:00  SCV  
  13  0:12  SCV  
  14  0:17  Supply Depot  
  14  0:24  SCV  
  15  0:39  SCV  
  16  0:51  SCV  
  17  0:59  Command Center  
  17  1:03  SCV  
  18  1:12  Barracks  
  18  1:15  SCV  
  19  1:20  Refinery  
  19  1:27  SCV  
  19  1:29  Refinery  
  20  1:39  SCV  
  21  1:52  SCV  
  22  2:00  Reaper  
  23  2:04  Orbital Command  
  23  2:10  Orbital Command  
  23  2:20  Factory  
  23  2:29  SCV  
  24  2:36  SCV  
  25  2:37  Barracks Reactor  
  25  2:41  SCV  
  26  2:48  SCV  
  27  2:54  SCV  
  27  2:55  Command Center  
  28  3:00  SCV  
  28  3:04  Supply Depot  
  29  3:06  SCV  
  29  3:09  Starport  
  29  3:12  SCV  
  31  3:18  SCV  
  31  3:19  Hellion x2  
  36  3:20  Marine  
  36  3:24  SCV  
  38  3:28  Supply Depot  
  38  3:30  SCV  
  39  3:36  SCV  
  39  3:40  Hellion x2  
  44  3:42  SCV  
  44  3:44  Refinery  
  44  3:46  Fusion Core  
  46  3:48  SCV  
  46  3:49  Starport Tech Lab  
  46  3:51  Marine  
  47  3:56  Bunker  
  47  3:58  SCV  
  47  4:01  SCV  
  49  4:03  Hellion x2  
  49  4:08  Orbital Command  
  53  4:10  SCV  
  53  4:13  SCV  
  53  4:15  Refinery  
  55  4:22  SCV  
  56  4:25  SCV  
  56  4:32  Hellion x2  
  56  4:33  SCV  
  56  4:34  SCV  
  56  4:37  Battlecruiser  
  68  4:45  SCV, Supply Depot x2, Orbital Command  
  69  4:47  SCV  
  70  4:56  Factory x2  
  70  4:57  SCV  
  72  5:00  SCV  
  72  5:04  Hellion x2  
  74  5:09  SCV  
  74  5:12  Armory  
  75  5:15  SCV, Armory  
  75  5:19  SCV  
  77  5:21  SCV  
  77  5:25  Hellion x2  
  77  5:27  SCV, Refinery  
  83  5:30  Supply Depot  
  83  5:31  Refinery  
  83  5:33  SCV x2  
  85  5:39  SCV  
  86  5:45  SCV, Factory Tech Lab x2  
  86  5:47  SCV  
  87  5:51  SCV  
  87  5:52  Supply Depot  
  88  5:57  SCV  
  88  5:59  SCV  
  88  6:02  Supply Depot  
  88  6:03  SCV  
  91  6:10  Supply Depot  
  91  6:14  Battlecruiser, Siege Tank  
  91  6:16  Terran Vehicle Weapons Level 1  
  91  6:18  SCV  
  101  6:23  Siege Tank  
  101  6:24  Terran Vehicle And Ship Armor Level 1  
  104  6:30  SCV x2, Engineering Bay  
  104  6:31  SCV  
  109  6:33  Hellion x2  
  109  6:37  Factory  
  109  6:40  Factory  
  109  6:42  SCV x2  
  109  6:43  Supply Depot  
  109  6:45  SCV, Supply Depot  
  112  6:53  Siege Tank  
  111  6:54  SCV x2  
  111  6:57  SCV  
  114  7:01  Hellion  
  114  7:05  Hellion, Siege Tank  
  114  7:06  SCV x2  
  123  7:09  SCV  
  123  7:14  Command Center  
  124  7:18  Missile Turret  
  124  7:19  Sensor Tower  
  124  7:21  Missile Turret  
  124  7:23  Factory Tech Lab  
  124  7:27  Missile Turret  
  124  7:30  Factory Reactor, Hellion x2, Siege Tank  
  124  7:34  Weapon Refit  
  131  7:46  Battlecruiser  
  137  7:55  Supply Depot  
  137  7:56  Supply Depot  
  137  7:57  Supply Depot  
  137  7:58  Thor  
  143  8:05  Supply Depot  
  143  8:07  Thor  
  149  8:16  Infernal Pre-Igniter  
  149  8:17  Hellion x2  
  153  8:21  Siege Tank  
  153  8:24  Hellion x2  
  153  8:26  Terran Vehicle Weapons Level 2  
  160  8:27  Hellion x5  
  160  8:37  Supply Depot x2  
  160  8:39  SCV x2, Hellion x2  
  160  8:40  SCV  
  167  8:44  Terran Vehicle And Ship Armor Level 2  
  167  8:49  Thor, Hellion x2  
  167  8:51  SCV x2  
  167  8:54  Smart Servos  
  183  9:03  Hellion x2  
  183  9:06  Siege Tank  
  183  9:08  Hellion  
  188  9:10  Hellion  
  185  9:17  SCV x2  
  185  9:18  Missile Turret  
  185  9:19  Missile Turret  
  185  9:24  Missile Turret  
  185  9:25  Unknown  
  185  9:28  Hellion x3  
  190  9:36  Siege Tank  
  161  9:40  Siege Tank  
  161  9:42  Siege Tank  
  151  9:49  SCV x2  
  151  9:51  Planetary Fortress  
  153  9:53  SCV  
  153  9:57  Hellion x4  
  162  10:01  SCV  
  162  10:06  Sensor Tower  
  163  10:08  Hellion  
  163  10:12  Siege Tank  
  168  10:16  Hellion  
  168  10:18  Battlecruiser  
  162  10:29  Siege Tank  
  162  10:30  SCV  
  162  10:31  Missile Turret  
  162  10:35  Hellion x2  
  166  10:36  Hellion x2  
  170  10:44  Siege Tank  
  170  10:48  Hellion  
  175  10:51  Command Center  
  175  10:54  Terran Vehicle Weapons Level 3  
  175  11:05  Widow Mine  
  175  11:07  Command Center  
  175  11:09  Siege Tank  
  178  11:14  Mag-Field Accelerator  
  178  11:15  Cyclone  
  179  11:19  Cyclone  
  182  11:27  Hellion x2  
  182  11:30  SCV  
  182  11:32  SCV  
  170  11:34  Hellion x2  
  170  11:38  SCV  
  170  11:39  SCV  
  167  11:42  SCV  
  167  11:44  SCV  
  169  11:49  Cyclone x2  
  169  11:50  SCV  
  169  11:54  Hellion  
  178  11:55  SCV  
  179  12:01  Cyclone  
  125  12:16  Hellion  
  125  12:19  Hellion x2  
  125  12:21  Cyclone  
  129  12:27  Siege Tank  
  132  12:31  SCV  
  132  12:32  SCV x2  
  132  12:34  Siege Tank  
  132  12:35  Hellion  
  140  12:41  SCV  
  140  12:43  SCV  
  142  12:49  SCV x2, Hellion x2  
  148  12:53  SCV  
  147  13:08  Cyclone  
  147  13:17  Sensor Tower  
  147  13:18  Hellion x2  
  147  13:19  Hellion x2  
  149  13:20  SCV  
  149  13:21  SCV x3  
  149  13:30  Hellion x2  
  149  13:33  SCV x3, Planetary Fortress  
  157  13:40  Cyclone  
  154  13:42  Hellion x2  
  154  13:44  Sensor Tower  
  154  13:45  SCV x3  
  157  13:51  Cyclone x2  
  158  14:09  SCV x2  
Tags
 
Add a new tag
Caveats
  • Supply blocks, unpowered buildings, or Contaminate may cause inaccurate times.
  • Supply counts are checked every 10 seconds.